NCAA
OKLAHOMA STATE COWBOYS @ BUTLER BULLDOGS
04/24/2027
 
TOP OF THE 1ST
Oklahoma State Cowboys batting - Pitching for Butler Bulldogs : RHP Bill Daniels
Pitching: RHP Bill Daniels
Batting: LHB César Colón 0-0: Ball
1-0: Swinging Strike
1-1: Bunt for hit - play at first, batter safe!
Batting: LHB Cristián Rodríguez 0-0: Swinging Strike
0-1: Ball
1-1: Ball
2-1: Called Strike
2-2: Ball
3-2: Ground out 5-3 (Groundball, 56)
César Colón to second
Batting: RHB John Lynch 0-0: Called Strike
0-1: Swinging Strike
0-2: Ball
1-2: Strikes out looking
Batting: LHB Bill Bryan 0-0: Ball
1-0: Ball
2-0: Ball
3-0: Called Strike
3-1: Base on Balls
Batting: RHB Augusto Padilla 0-0: Ball
1-0: Ball
2-0: Called Strike
2-1: Fly out, F7 (Flyball, 7)
Top of the 1st over - 0 run(s), 1 hit(s), 0 error(s), 2 left on base; Oklahoma State 0 - Butler 0
BOTTOM OF THE 1ST
Butler Bulldogs batting - Pitching for Oklahoma State Cowboys : RHP Landon Bailey
Pitching: RHP Landon Bailey
Batting: LHB Arnold Bernard 0-0: Swinging Strike
0-1: Foul Ball, location: 2F
0-2: Foul Ball, location: 2F
0-2: Strikes out looking
Batting: RHB Howard Reed 0-0: Ball
1-0: SINGLE (Line Drive, 34D)
Batting: LHB José Rivas 0-0: Called Strike
0-1: DOUBLE (Line Drive, 7LD)
Howard Reed to third
Batting: RHB Foster Love 0-0: SINGLE (Flyball, 9S)
Howard Reed scores
José Rivas to third
Runner from 3rd tries for Home, SAFE, no throw
Batting: RHB Mark Oliver 0-0: Called Strike
0-1: Swinging Strike
0-2: Strikes out swinging
Batting: RHB Daniel Bennett 0-0: Called Strike
0-1: Ball
1-1: Swinging Strike
1-2: Foul Ball, location: 2F
1-2: Ball
2-2: Ball
3-2: Strikes out swinging
Bottom of the 1st over - 2 run(s), 3 hit(s), 0 error(s), 1 left on base; Oklahoma State 0 - Butler 2
TOP OF THE 2ND
Oklahoma State Cowboys batting - Pitching for Butler Bulldogs : RHP Bill Daniels
Batting: SHB Ernest Hood 0-0: Called Strike
0-1: Ball
1-1: Foul Ball, location: 2F
1-2: Foul Ball, location: 2F
1-2: Foul Ball, location: 2F
1-2: DOUBLE (Groundball, 3L)
Batting: RHB Larry Young 0-0: Called Strike
Throwing error on steal attempt, E2
Ernest Hood scores
0-1: Ball
1-1: Ball
2-1: Called Strike
2-2: Ground out 6-3 (Groundball, 6)
Batting: LHB Horace Kramer 0-0: Ball
1-0: SINGLE (Groundball, 4D)
Batting: RHB Burt Sharp 0-0: Ball
1-0: Foul Ball, location: 2F
1-1: Ball
2-1: SINGLE (Flyball, 78S)
Horace Kramer to second
Batting: LHB César Colón 0-0: Called Strike
0-1: Swinging Strike
0-2: Ball
1-2: Fielders Choice at 2nd, 3-6 (Groundball, 34)
Horace Kramer to third
Batting: LHB Cristián Rodríguez 0-0: Ball
Wild Pitch!
Horace Kramer scores
César Colón to second
1-0: Ground out 6-3 (Groundball, 6D)
Top of the 2nd over - 2 run(s), 3 hit(s), 1 error(s), 1 left on base; Oklahoma State 2 - Butler 2
BOTTOM OF THE 2ND
Butler Bulldogs batting - Pitching for Oklahoma State Cowboys : RHP Landon Bailey
Batting: SHB Larry Walters 0-0: Ball
1-0: Called Strike
1-1: Called Strike
1-2: Foul Ball, location: 2F
1-2: Strikes out looking
Batting: LHB Darryl Kirby 0-0: Called Strike
0-1: Ground out 3-1 (Groundball, 34)
Batting: SHB Kel Davis 0-0: Ball
1-0: Ball
2-0: Called Strike
2-1: Called Strike
2-2: Ball
3-2: Strikes out looking
Bottom of the 2nd over - 0 run(s), 0 hit(s), 0 error(s), 0 left on base; Oklahoma State 2 - Butler 2
TOP OF THE 3RD
Oklahoma State Cowboys batting - Pitching for Butler Bulldogs : RHP Bill Daniels
Batting: RHB John Lynch 0-0: Ball
1-0: Ball
2-0: Ball
3-0: Called Strike
3-1: Foul Ball, location: 2F
3-2: Strikes out swinging
Batting: LHB Bill Bryan 0-0: Ball
1-0: Foul Ball, location: 2F
1-1: Swinging Strike
1-2: Ball
2-2: Foul Ball, location: 2F
2-2: Ground out 3-1 (Groundball, 34D)
Batting: RHB Augusto Padilla 0-0: Called Strike
0-1: Ball
1-1: SOLO HOME RUN (Flyball, 7D), Distance : 386 ft
Batting: SHB Ernest Hood 0-0: Foul Ball, location: 2F
0-1: Ball
1-1: Called Strike
1-2: Ball
2-2: Ball
3-2: Base on Balls
Batting: RHB Larry Young 0-0: Ball
1-0: Ball
2-0: 2-RUN HOME RUN (Flyball, 78XD), Distance : 409 ft
Batting: LHB Horace Kramer 0-0: Fly out, F7 (Flyball, 78M)
Top of the 3rd over - 3 run(s), 2 hit(s), 0 error(s), 0 left on base; Oklahoma State 5 - Butler 2
BOTTOM OF THE 3RD
Butler Bulldogs batting - Pitching for Oklahoma State Cowboys : RHP Landon Bailey
Batting: LHB Arnold Bernard 0-0: Bunt for hit - play at first, batter OUT! 2-3
Batting: RHB Howard Reed 0-0: Fly out, F8 (Line Drive, 89M)
Batting: LHB José Rivas 0-0: Called Strike
0-1: Ball
1-1: Foul Ball, location: 2F
1-2: Ball
2-2: Ball
3-2: Foul Ball, location: 2F
3-2: Ground out 1-3 (Groundball, 13)
Bottom of the 3rd over - 0 run(s), 0 hit(s), 0 error(s), 0 left on base; Oklahoma State 5 - Butler 2
TOP OF THE 4TH
Oklahoma State Cowboys batting - Pitching for Butler Bulldogs : RHP Bill Daniels
Batting: RHB Burt Sharp 0-0: Ball
1-0: Foul Ball, location: 2F
1-1: Swinging Strike
1-2: Foul Ball, location: 2F
1-2: Ball
2-2: Ball
3-2: Base on Balls
Pitching: RHP Tom Moreno
Batting: LHB César Colón 0-0: Ball
1-0: Foul Ball, location: 2F
1-1: Ball
2-1: Fly out, F7 (Flyball, 7)
Batting: LHB Cristián Rodríguez 0-0: Called Strike
Burt Sharp is caught stealing 2nd base
0-1: Foul Ball, location: 2F
0-2: Hit by Pitch
Batting: RHB John Lynch 0-0: Ball
1-0: Ball
2-0: Foul Ball, location: 2F
2-1: Ball
3-1: Base on Balls
Cristián Rodríguez to second
Batting: LHB Bill Bryan 0-0: Foul Ball, location: 2F
0-1: Ball
1-1: Ball
2-1: Called Strike
2-2: Strikes out looking
Top of the 4th over - 0 run(s), 0 hit(s), 0 error(s), 2 left on base; Oklahoma State 5 - Butler 2
BOTTOM OF THE 4TH
Butler Bulldogs batting - Pitching for Oklahoma State Cowboys : RHP Landon Bailey
Batting: RHB Foster Love 0-0: Swinging Strike
0-1: Ground out 5-3 (Groundball, 56S)
Batting: RHB Mark Oliver 0-0: Swinging Strike
0-1: Ball
1-1: Called Strike
1-2: Fly out, F7 (Flyball, 7LS)
Batting: RHB Daniel Bennett 0-0: Called Strike
0-1: Called Strike
0-2: Ball
1-2: Strikes out swinging
Bottom of the 4th over - 0 run(s), 0 hit(s), 0 error(s), 0 left on base; Oklahoma State 5 - Butler 2
TOP OF THE 5TH
Oklahoma State Cowboys batting - Pitching for Butler Bulldogs : RHP Tom Moreno
Batting: RHB Augusto Padilla 0-0: Ball
1-0: Ball
2-0: Called Strike
2-1: Ground out 5-3 (Groundball, 56S)
Pitching: RHP Wayne Hall
Batting: SHB Ernest Hood 0-0: Called Strike
0-1: Foul Ball, location: 2F
0-2: Ball
1-2: Fly out, F7 (Flyball, 7LSF)
Batting: RHB Larry Young 0-0: Ball
1-0: Called Strike
1-1: Swinging Strike
1-2: Foul Ball, location: 2F
1-2: Foul Ball, location: 2F
1-2: Foul Ball, location: 2F
1-2: Strikes out swinging
Top of the 5th over - 0 run(s), 0 hit(s), 0 error(s), 0 left on base; Oklahoma State 5 - Butler 2
BOTTOM OF THE 5TH
Butler Bulldogs batting - Pitching for Oklahoma State Cowboys : RHP Landon Bailey
Batting: SHB Larry Walters 0-0: Ball
1-0: Ball
2-0: Ball
3-0: Called Strike
3-1: Fly out, F2 (Popup, 34S)
Batting: LHB Darryl Kirby 0-0: Swinging Strike
0-1: Ball
1-1: Foul Ball, location: 2F
1-2: Ball
2-2: Ball
3-2: Foul Ball, location: 2F
3-2: Strikes out swinging
Batting: SHB Kel Davis 0-0: Foul Ball, location: 2F
0-1: Swinging Strike
0-2: Ball
1-2: Ground out 3-1 (Groundball, 34S)
Bottom of the 5th over - 0 run(s), 0 hit(s), 0 error(s), 0 left on base; Oklahoma State 5 - Butler 2
TOP OF THE 6TH
Oklahoma State Cowboys batting - Pitching for Butler Bulldogs : RHP Wayne Hall
Batting: LHB Horace Kramer 0-0: Ball
1-0: Fly out, F9 (Flyball, 9S)
Pitching: RHP Jorge Esparza
Batting: RHB Burt Sharp 0-0: Called Strike
0-1: Ball
1-1: Fly out, F5 (Popup, 5L)
Batting: LHB César Colón 0-0: Called Strike
0-1: Ball
1-1: Ball
2-1: Foul Ball, location: 2F
2-2: Fly out, F8 (Flyball, 89M)
Top of the 6th over - 0 run(s), 0 hit(s), 0 error(s), 0 left on base; Oklahoma State 5 - Butler 2
BOTTOM OF THE 6TH
Butler Bulldogs batting - Pitching for Oklahoma State Cowboys : RHP Landon Bailey
Batting: LHB Arnold Bernard 0-0: Bunt for hit - play at first, batter OUT! 1-3
Batting: RHB Howard Reed 0-0: Foul Ball, location: 2F
0-1: Called Strike
0-2: Ground out 6-3 (Groundball, 6S)
Batting: LHB José Rivas 0-0: Fly out, F7 (Flyball, 7S)
Bottom of the 6th over - 0 run(s), 0 hit(s), 0 error(s), 0 left on base; Oklahoma State 5 - Butler 2
TOP OF THE 7TH
Oklahoma State Cowboys batting - Pitching for Butler Bulldogs : RHP Jorge Esparza
Batting: LHB Cristián Rodríguez 0-0: Ball
1-0: Ball
2-0: Foul Ball, location: 2F
2-1: Foul Ball, location: 2F
2-2: Ball
3-2: Foul Ball, location: 2F
3-2: Strikes out swinging
Pitching: RHP Pedro Santiago
Batting: RHB John Lynch 0-0: Ball
1-0: Ball
2-0: Ball
3-0: Base on Balls
Pitching: LHP Peyton Wilcox
Batting: LHB Bill Bryan 0-0: Called Strike
0-1: Ball
1-1: Ball
2-1: SINGLE (Flyball, 7LS)
John Lynch to second
Batting: RHB Augusto Padilla 0-0: Ball
1-0: Ball
2-0: Ball
3-0: Called Strike
3-1: Fly out, F7 (Flyball, 78S)
Batting: SHB Ernest Hood 0-0: Foul Ball, location: 2F
0-1: Ball
1-1: Called Strike
1-2: Reached via error on a dropped throw, E4
John Lynch to third
Bill Bryan to second
Batting: RHB Larry Young 0-0: Called Strike
0-1: Foul Ball, location: 2F
0-2: Strikes out swinging
Top of the 7th over - 0 run(s), 1 hit(s), 1 error(s), 3 left on base; Oklahoma State 5 - Butler 2
BOTTOM OF THE 7TH
Butler Bulldogs batting - Pitching for Oklahoma State Cowboys : RHP Landon Bailey
Batting: RHB Foster Love 0-0: Called Strike
0-1: Called Strike
0-2: Ball
1-2: Strikes out swinging
Batting: RHB Mark Oliver 0-0: Ball
1-0: Foul Ball, location: 2F
1-1: Called Strike
1-2: Strikes out swinging
Batting: RHB Daniel Bennett 0-0: Ball
1-0: SINGLE (Groundball, 4D)
Pitching: RHP Artie McDaniel
Batting: SHB Larry Walters 0-0: Fly out, F5 (Popup, 5D)
Bottom of the 7th over - 0 run(s), 1 hit(s), 0 error(s), 1 left on base; Oklahoma State 5 - Butler 2
TOP OF THE 8TH
Oklahoma State Cowboys batting - Pitching for Butler Bulldogs : LHP Peyton Wilcox
Batting: LHB Horace Kramer 0-0: Called Strike
0-1: Ball
1-1: Called Strike
1-2: Ground out 4-3 (Groundball, 4)
Batting: RHB Burt Sharp 0-0: Fly out, F7 (Flyball, 7S)
Batting: LHB César Colón 0-0: Foul Ball, location: 2F
0-1: Ball
1-1: SINGLE (Line Drive, 56D)
Batting: LHB Cristián Rodríguez 0-0: Called Strike
0-1: Foul Ball, location: 2F
0-2: Strikes out swinging
Top of the 8th over - 0 run(s), 1 hit(s), 0 error(s), 1 left on base; Oklahoma State 5 - Butler 2
BOTTOM OF THE 8TH
Butler Bulldogs batting - Pitching for Oklahoma State Cowboys : RHP Artie McDaniel
Batting: LHB Darryl Kirby 0-0: Called Strike
0-1: Ball
1-1: Foul Ball, location: 2F
1-2: Fly out, F7 (Flyball, 7S)
Batting: SHB Kel Davis 0-0: Swinging Strike
0-1: Swinging Strike
0-2: Strikes out swinging
Batting: LHB Arnold Bernard 0-0: Called Strike
0-1: Foul Ball, location: 2F
0-2: Ball
1-2: Ball
2-2: Ball
3-2: Base on Balls
Batting: RHB Howard Reed 0-0: Ball
1-0: Ball
2-0: SINGLE (Groundball, 5D)
Arnold Bernard to second
Pitching: LHP Barry Arroyo
Batting: LHB José Rivas 0-0: Ball
1-0: Swinging Strike
1-1: Ball
2-1: Swinging Strike
2-2: Strikes out looking
Bottom of the 8th over - 0 run(s), 1 hit(s), 0 error(s), 2 left on base; Oklahoma State 5 - Butler 2
TOP OF THE 9TH
Oklahoma State Cowboys batting - Pitching for Butler Bulldogs : LHP Peyton Wilcox
Batting: RHB John Lynch 0-0: Foul Ball, location: 2F
0-1: Called Strike
0-2: Ball
1-2: Foul Ball, location: 2F
1-2: Foul Ball, location: 2F
1-2: Strikes out swinging, 2-3 out at first.
Batting: LHB Bill Bryan 0-0: Ball
1-0: Foul Ball, location: 2F
1-1: Ball
2-1: SINGLE (Groundball, 6MD)
Batting: RHB Augusto Padilla 0-0: Foul Ball, location: 2F
0-1: Ball
1-1: Called Strike
1-2: Ball
2-2: Ball
Bill Bryan steals 2nd base
3-2: Intentional Walk
Batting: SHB Ernest Hood 0-0: Foul Ball, location: 2F
0-1: Ball
1-1: Foul Ball, location: 2F
1-2: Ground out 3-1 (Groundball, 34S)
Bill Bryan to third
Augusto Padilla to second
Batting: RHB Larry Young 0-0: Fly out, F9 (Flyball, 9)
Top of the 9th over - 0 run(s), 1 hit(s), 0 error(s), 2 left on base; Oklahoma State 5 - Butler 2
BOTTOM OF THE 9TH
Butler Bulldogs batting - Pitching for Oklahoma State Cowboys : LHP Barry Arroyo
Pitching: RHP Joe Bell
Batting: RHB Foster Love 0-0: Foul Ball, location: 2F
0-1: Ball
1-1: Foul Ball, location: 2F
1-2: Strikes out looking
Batting: RHB Mark Oliver 0-0: Called Strike
0-1: Called Strike
0-2: Ball
1-2: Ball
2-2: Strikes out swinging
Batting: RHB Daniel Bennett 0-0: Foul Ball, location: 2F
0-1: Ground out 3-1 (Groundball, 34S)
Bottom of the 9th over - 0 run(s), 0 hit(s), 0 error(s), 0 left on base; Oklahoma State 5 - Butler 2
Thursday, March 30th, 2017 - OOTP Baseball 17.12 Build 75